[ AOE2 MATCH · #484201190 ]
Team RMItalians vs Celts
[ REPLAY ANALYSIS · EXTRACTED FROM THE RECORDED GAME ]
Feudal
11:22
Castle
15:10
Imperial
—
| APM avg | 15.9 |
| APM peak | 45 |
| eAPM avg | 11.8 |
| Villagers / military | 110 / 18 |
Focus
⚔️ 17.1% · 🌾 82.9%
Genoese Crossbowman ×11 · Mangonel ×4 · Battering Ram ×3
Feudal
—
Castle
—
Imperial
—
| APM avg | 34.0 |
| APM peak | 74 |
| eAPM avg | 16.2 |
| Villagers / military | 76 / 30 |
Focus
⚔️ 8.3% · 🌾 91.7%
Conquistador ×30
Feudal
—
Castle
—
Imperial
—
| APM avg | 25.6 |
| APM peak | 68 |
| eAPM avg | 14.8 |
| Villagers / military | 67 / 20 |
Focus
⚔️ 18.5% · 🌾 81.5%
Knight ×8 · Coustillier ×4 · Mangonel ×2 · Skirmisher ×2 · Battering Ram ×2 · Scout Cavalry ×2
Feudal
11:40
Castle
15:51
Imperial
—
| APM avg | 14.4 |
| APM peak | 37 |
| eAPM avg | 7.6 |
| Villagers / military | 53 / 4 |
Focus
⚔️ 12.8% · 🌾 87.2%
Knight ×2 · Scorpion ×2
Match map
Initial resources + every placement click. Lines = walls · curves = elevation contours. ◆ gold · ⬟ stone · ● berries · ✦ relic · ◌ wall gap
Your base· Open — unwalled flank
Ralph785's base· Open — unwalled flank
alen3435731's base· Open — 4t gap
Jarem's base· Open — unwalled flank
Smoothed initial terrain · ◌ = detected wall gap · hover for details
Inputs per minute
— MATT_FRY - - Ralph785
Build order — MATT_FRY
122 actions detected in the replay
| 0:08 | Create | Villager (Male) ×4 |
| 0:08 | Create | Villager (Male) ×4 |
| 0:15 | Build | House |
| 0:17 | Build | House |
| 0:25 | Research | Loom |
| 1:41 | Create | Villager (Male) |
| 1:42 | Create | Villager (Male) |
| 1:42 | Create | Villager (Male) |
| 1:51 | Create | Villager (Male) |
| 1:52 | Create | Villager (Male) |
| 1:52 | Create | Villager (Male) |
| 2:22 | Build | House |
| 2:33 | Create | Villager (Male) ×2 |
| 2:33 | Create | Villager (Male) ×2 |
| 3:00 | Create | Villager (Male) |
| 3:01 | Create | Villager (Male) |
| 3:01 | Create | Villager (Male) |
| 3:07 | Create | Villager (Male) |
| 3:08 | Create | Villager (Male) |
| 3:44 | Create | Villager (Male) |
| 3:49 | Create | Villager (Male) |
| 3:49 | Create | Villager (Male) |
| 3:49 | Create | Villager (Male) |
| 4:19 | Create | Villager (Male) |
| 4:22 | Create | Villager (Male) ×3 |
| 4:23 | Create | Villager (Male) ×3 |
| 4:23 | Create | Villager (Male) ×3 |
| 4:37 | Create | Villager (Male) |
| 4:37 | Create | Villager (Male) |
| 4:49 | Create | Villager (Male) |
| 4:49 | Create | Villager (Male) ×2 |
| 5:03 | Build | House |
| 5:11 | Build | Lumber Camp |
| 5:21 | Create | Villager (Male) ×3 |
| 5:21 | Create | Villager (Male) ×3 |
| 5:21 | Create | Villager (Male) ×3 |
| 5:43 | Create | Villager (Male) ×3 |
| 5:44 | Create | Villager (Male) ×3 |
| 6:43 | Build | House |
| 6:51 | Build | House |
| 7:11 | Create | Villager (Male) ×5 |
| 7:12 | Create | Villager (Male) ×5 |
| 7:21 | Build | House |
| 7:27 | Build | House |
| 7:58 | Build | Lumber Camp |
| 8:27 | Build | Mill |
| 8:32 | Create | Villager (Male) |
| 8:33 | Create | Villager (Male) |
| 8:42 | Build | House |
| 9:12 | Research | Feudal Age |
| 9:27 | Build | Mill |
| 9:39 | Build | Mill |
| 9:50 | Build | Mining Camp |
| 10:27 | Build | Mining Camp |
| 10:44 | Create | Villager (Male) |
| 10:44 | Create | Villager (Male) |
| 10:53 | Create | Villager (Male) |
| 10:53 | Create | Villager (Male) |
| 11:22 | Age | Feudal Age |
| 11:26 | Build | Market |
| 11:36 | Build | Blacksmith |
| 11:40 | Create | Villager (Male) |
| 11:58 | Create | Villager (Male) |
| 12:21 | Create | Villager (Male) |
| 12:21 | Create | Villager (Male) |
| 12:25 | Research | Castle Age |
| 12:50 | Build | Barracks |
| 12:59 | Build | Palisade Gate |
| 13:03 | Build | Palisade Wall |
| 13:07 | Build | Palisade Wall |
| 13:14 | Build | Palisade Wall |
| 13:20 | Create | Villager (Male) ×5 |
| 13:25 | Create | Villager (Male) ×5 |
| 13:29 | Research | Double-Bit Axe |
| 13:31 | Research | Horse Collar |
| 13:34 | Research | Gold Mining |
| 13:50 | Research | Stone Mining |
| 15:10 | Age | Castle Age |
| 15:32 | Create | Villager (Male) |
| 15:32 | Create | Villager (Male) |
| 15:32 | Create | Villager (Male) |
| 15:53 | Build | Farm |
| 15:53 | Build | Farm |
| 15:53 | Build | Farm |
| 15:54 | Build | Farm |
| 15:54 | Build | Farm |
| 15:54 | Build | Farm |
| 15:54 | Build | Farm |
| 15:55 | Build | Farm |
| 16:04 | Build | Castle |
| 16:14 | Research | Fletching |
| 16:51 | Build | Siege Workshop |
| 16:57 | Create | Genoese Crossbowman |
| 16:57 | Create | Genoese Crossbowman |
| 17:31 | Create | Battering Ram |
| 17:32 | Create | Battering Ram |
| 17:46 | Build | Lumber Camp |
| 17:55 | Create | Battering Ram |
| 18:01 | Create | Villager (Male) ×5 |
| 18:34 | Create | Genoese Crossbowman |
| 18:34 | Create | Genoese Crossbowman |
| 19:49 | Create | Mangonel |
| 20:20 | Create | Genoese Crossbowman |
| 20:21 | Create | Genoese Crossbowman |
| 20:21 | Create | Genoese Crossbowman |
| 21:08 | Create | Villager (Male) ×5 |
| 21:21 | Create | Mangonel |
| 21:25 | Create | Genoese Crossbowman ×4 |
| 21:40 | Build | Mining Camp |
| 21:49 | Create | Villager (Male) ×5 |
| 21:54 | Research | Wheelbarrow |
| 22:22 | Research | Bodkin Arrow |
| 22:29 | Build | University |
| 22:37 | Build | House |
| 22:38 | Build | House |
| 22:39 | Build | House |
| 23:20 | Research | Ballistics |
| 23:50 | Build | Town Center |
| 23:57 | Create | Villager (Male) ×5 |
| 24:27 | Create | Mangonel |
| 24:27 | Create | Mangonel |
| 24:37 | Research | Padded Archer Armor |
Build order — Ralph785
147 actions detected in the replay
| 0:01 | Create | Villager (Male) |
| 0:02 | Create | Villager (Male) |
| 0:02 | Create | Villager (Male) |
| 0:07 | Build | House |
| 0:16 | Build | House |
| 0:17 | Create | Villager (Male) |
| 0:17 | Create | Villager (Male) |
| 1:29 | Create | Villager (Male) |
| 1:48 | Create | Villager (Male) |
| 2:10 | Create | Villager (Male) |
| 2:10 | Create | Villager (Male) |
| 2:29 | Create | Villager (Male) |
| 2:30 | Create | Villager (Male) |
| 2:40 | Create | Villager (Male) |
| 2:40 | Create | Villager (Male) |
| 3:11 | Create | Villager (Male) |
| 3:12 | Create | Villager (Male) |
| 3:23 | Create | Villager (Male) |
| 3:44 | Create | Villager (Male) |
| 3:45 | Create | Villager (Male) |
| 3:51 | Build | Lumber Camp |
| 4:06 | Build | House |
| 4:21 | Build | House |
| 4:23 | Build | House |
| 4:28 | Create | Villager (Male) |
| 4:29 | Create | Villager (Male) |
| 4:30 | Create | Villager (Male) |
| 4:30 | Create | Villager (Male) |
| 5:05 | Create | Villager (Male) |
| 5:05 | Create | Villager (Male) |
| 5:06 | Create | Villager (Male) |
| 5:06 | Create | Villager (Male) |
| 5:33 | Create | Villager (Male) |
| 6:07 | Create | Villager (Male) |
| 6:07 | Create | Villager (Male) |
| 6:07 | Create | Villager (Male) |
| 6:08 | Create | Villager (Male) |
| 6:28 | Create | Villager (Male) |
| 6:29 | Create | Villager (Male) |
| 6:33 | Create | Villager (Male) |
| 6:56 | Create | Villager (Male) |
| 6:57 | Create | Villager (Male) |
| 6:57 | Create | Villager (Male) |
| 7:40 | Build | House |
| 7:57 | Create | Villager (Male) |
| 7:58 | Create | Villager (Male) |
| 7:58 | Create | Villager (Male) |
| 8:31 | Create | Villager (Male) |
| 8:31 | Create | Villager (Male) |
| 8:44 | Build | House |
| 8:49 | Create | Villager (Male) |
| 8:50 | Create | Villager (Male) |
| 9:03 | Build | House |
| 9:20 | Build | Mill |
| 9:24 | Create | Villager (Male) |
| 9:25 | Create | Villager (Male) |
| 9:33 | Research | Loom |
| 9:41 | Research | Feudal Age |
| 9:59 | Create | Villager (Male) |
| 10:31 | Build | Barracks |
| 10:51 | Build | Mining Camp |
| 10:54 | Create | Villager (Male) |
| 10:56 | Create | Villager (Male) |
| 10:58 | Create | Villager (Male) |
| 11:14 | Build | Mining Camp |
| 12:22 | Build | Blacksmith |
| 12:33 | Build | Market |
| 12:37 | Create | Villager (Male) |
| 12:38 | Create | Villager (Male) |
| 12:38 | Create | Villager (Male) |
| 13:15 | Research | Castle Age |
| 13:19 | Build | House |
| 13:20 | Build | House |
| 13:26 | Create | Villager (Male) |
| 13:27 | Create | Villager (Male) |
| 13:32 | Build | House |
| 13:59 | Build | Mill |
| 14:12 | Build | Mill |
| 14:53 | Research | Padded Archer Armor |
| 15:02 | Research | Double-Bit Axe |
| 15:38 | Create | Villager (Male) |
| 15:39 | Create | Villager (Male) |
| 16:11 | Build | Castle |
| 16:20 | Build | House |
| 16:25 | Build | House |
| 16:32 | Build | House |
| 16:40 | Build | House |
| 16:59 | Create | Conquistador ×5 |
| 16:59 | Create | Conquistador ×5 |
| 16:59 | Create | Conquistador ×5 |
| 17:01 | Create | Villager (Male) |
| 17:01 | Create | Villager (Male) |
| 17:02 | Create | Villager (Male) |
| 17:17 | Build | Lumber Camp |
| 17:28 | Build | Lumber Camp |
| 17:33 | Create | Villager (Male) |
| 17:33 | Create | Villager (Male) |
| 17:33 | Create | Villager (Male) |
| 18:33 | Create | Villager (Male) |
| 18:33 | Create | Villager (Male) |
| 19:39 | Create | Conquistador ×5 |
| 20:29 | Create | Villager (Male) |
| 21:15 | Build | Stable |
| 21:26 | Build | Farm |
| 21:26 | Build | Farm |
| 21:26 | Build | Farm |
| 21:27 | Build | Farm |
| 21:27 | Build | Farm |
| 21:27 | Build | Farm |
| 21:27 | Build | Farm |
| 21:28 | Build | Farm |
| 21:29 | Build | Farm |
| 21:35 | Build | Farm |
| 21:36 | Build | Farm |
| 21:36 | Build | Farm |
| 21:36 | Build | Farm |
| 21:37 | Build | Farm |
| 21:37 | Build | Farm |
| 21:37 | Build | Farm |
| 21:37 | Build | Farm |
| 21:38 | Build | Farm |
| 21:38 | Build | Farm |
| 21:38 | Build | Farm |
| 21:38 | Build | Farm |
| 21:39 | Build | Farm |
| 21:39 | Build | Farm |
| 21:39 | Build | Farm |
| 22:10 | Research | Bloodlines |
| 22:52 | Create | Villager (Male) |
| 22:52 | Create | Villager (Male) |
| 22:53 | Create | Villager (Male) |
| 24:21 | Create | Villager (Male) |
| 24:22 | Create | Villager (Male) |
| 24:22 | Create | Villager (Male) |
| 24:22 | Create | Villager (Male) |
| 24:29 | Build | Farm |
| 24:29 | Build | Farm |
| 24:34 | Create | Conquistador ×5 |
| 24:34 | Create | Conquistador ×5 |
| 25:01 | Create | Villager (Male) |
| 25:01 | Create | Villager (Male) |
| 25:01 | Create | Villager (Male) |
| 25:05 | Build | Farm |
| 25:07 | Research | Horse Collar |
| 25:24 | Build | Farm |
| 25:24 | Build | Farm |
| 25:24 | Build | Farm |
Build order — alen3435731
First 150 of 153 actions detected
| 0:01 | Create | Villager (Male) |
| 0:01 | Create | Villager (Male) |
| 0:04 | Build | House |
| 0:06 | Build | House |
| 0:06 | Create | Villager (Male) |
| 0:06 | Create | Villager (Male) |
| 0:24 | Build | House |
| 0:27 | Build | House |
| 1:28 | Create | Villager (Male) |
| 1:29 | Create | Villager (Male) |
| 1:45 | Create | Villager (Male) |
| 1:45 | Create | Villager (Male) |
| 2:09 | Create | Villager (Male) |
| 2:14 | Create | Villager (Male) |
| 2:27 | Create | Villager (Male) |
| 2:53 | Build | Lumber Camp |
| 2:58 | Create | Villager (Male) |
| 2:58 | Create | Villager (Male) |
| 3:21 | Create | Villager (Male) |
| 3:38 | Create | Villager (Male) |
| 3:40 | Create | Villager (Male) |
| 4:08 | Create | Villager (Male) |
| 4:09 | Create | Villager (Male) |
| 4:33 | Create | Villager (Male) |
| 4:43 | Create | Villager (Male) |
| 4:57 | Research | Double-Bit Axe |
| 5:25 | Create | Villager (Male) |
| 5:27 | Create | Villager (Male) |
| 5:36 | Build | Mining Camp |
| 5:54 | Create | Villager (Male) |
| 6:06 | Create | Villager (Male) |
| 6:11 | Build | House |
| 6:16 | Research | Loom |
| 6:21 | Research | Wheelbarrow |
| 7:01 | Create | Villager (Male) |
| 7:03 | Create | Villager (Male) |
| 7:22 | Research | Feudal Age |
| 7:29 | Create | Villager (Male) |
| 7:53 | Build | Barracks |
| 8:04 | Create | Villager (Male) |
| 8:30 | Create | Villager (Male) |
| 8:41 | Build | House |
| 8:42 | Build | House |
| 8:45 | Build | Mill |
| 8:50 | Build | House |
| 9:06 | Build | Mining Camp |
| 9:17 | Create | Villager (Male) |
| 9:44 | Build | Mill |
| 10:20 | Create | Villager (Male) |
| 10:21 | Create | Villager (Male) |
| 10:30 | Build | Blacksmith |
| 10:35 | Create | Villager (Male) |
| 10:36 | Create | Villager (Male) |
| 10:48 | Create | Villager (Male) |
| 10:59 | Build | House |
| 11:01 | Build | House |
| 11:09 | Build | Palisade Wall |
| 11:13 | Build | House |
| 11:17 | Build | House |
| 11:36 | Create | Villager (Male) |
| 11:41 | Create | Villager (Male) |
| 12:04 | Build | Lumber Camp |
| 12:08 | Create | Villager (Male) |
| 12:35 | Build | Stable |
| 12:45 | Build | Market |
| 12:47 | Create | Villager (Male) |
| 12:53 | Create | Villager (Male) |
| 13:28 | Research | Castle Age |
| 13:30 | Research | Horse Collar |
| 13:37 | Build | Farm |
| 13:38 | Build | Farm |
| 13:39 | Build | Farm |
| 14:06 | Create | Villager (Male) |
| 14:16 | Create | Villager (Male) |
| 14:36 | Build | Farm |
| 14:41 | Build | Farm |
| 14:47 | Build | House |
| 14:51 | Build | House |
| 14:52 | Build | House |
| 14:53 | Build | House |
| 14:58 | Build | House |
| 15:04 | Build | Farm |
| 15:05 | Build | Farm |
| 15:06 | Create | Villager (Male) |
| 15:08 | Research | Heavy Plow |
| 15:11 | Create | Villager (Male) |
| 15:16 | Create | Scout Cavalry |
| 15:16 | Create | Scout Cavalry |
| 15:36 | Build | Farm |
| 16:39 | Build | Town Center |
| 17:01 | Create | Villager (Male) |
| 17:01 | Create | Villager (Male) |
| 17:07 | Build | Mining Camp |
| 17:28 | Build | Farm |
| 17:28 | Build | Farm |
| 17:29 | Build | Farm |
| 17:29 | Build | Farm |
| 17:33 | Create | Villager (Male) |
| 17:33 | Create | Villager (Male) |
| 17:35 | Create | Villager (Male) |
| 17:35 | Create | Villager (Male) |
| 17:36 | Create | Villager (Male) |
| 17:52 | Build | Siege Workshop |
| 18:08 | Create | Villager (Male) |
| 18:08 | Create | Villager (Male) |
| 18:14 | Create | Mangonel |
| 18:21 | Create | Villager (Male) |
| 18:22 | Create | Villager (Male) |
| 18:22 | Create | Villager (Male) |
| 18:51 | Build | Farm |
| 18:51 | Build | Farm |
| 18:53 | Build | Farm |
| 18:57 | Create | Battering Ram |
| 19:47 | Create | Mangonel |
| 19:56 | Build | Castle |
| 20:04 | Create | Villager (Male) |
| 20:04 | Create | Villager (Male) |
| 20:04 | Create | Villager (Male) |
| 20:25 | Build | Siege Workshop |
| 20:28 | Build | Siege Workshop |
| 21:02 | Create | Battering Ram |
| 21:24 | Create | Villager (Male) |
| 21:25 | Create | Villager (Male) |
| 21:30 | Build | Town Center |
| 21:33 | Research | Gold Mining |
| 21:52 | Build | Stable |
| 21:53 | Build | Stable |
| 21:54 | Build | Stable |
| 22:02 | Create | Villager (Male) |
| 22:02 | Create | Villager (Male) |
| 22:23 | Create | Villager (Male) |
| 22:23 | Create | Villager (Male) |
| 22:28 | Build | Blacksmith |
| 23:28 | Create | Knight |
| 23:28 | Create | Knight |
| 23:31 | Create | Knight |
| 23:31 | Create | Knight |
| 24:08 | Create | Villager (Male) |
| 24:08 | Create | Villager (Male) |
| 24:14 | Build | Archery Range |
| 24:14 | Build | Archery Range |
| 24:15 | Build | Archery Range |
| 24:23 | Create | Coustillier |
| 24:23 | Create | Coustillier |
| 24:24 | Create | Coustillier |
| 24:25 | Create | Coustillier |
| 24:35 | Create | Knight |
| 24:35 | Create | Knight |
| 24:36 | Create | Knight |
| 24:37 | Create | Knight |
Build order — Jarem
105 actions detected in the replay
| 0:01 | Create | Villager (Male) |
| 0:01 | Create | Villager (Male) |
| 0:02 | Create | Villager (Male) |
| 0:02 | Create | Villager (Male) |
| 0:04 | Build | House |
| 0:06 | Build | House |
| 1:26 | Create | Villager (Male) |
| 1:26 | Create | Villager (Male) |
| 1:43 | Create | Villager (Male) |
| 1:43 | Create | Villager (Male) |
| 2:16 | Create | Villager (Male) |
| 2:16 | Create | Villager (Male) |
| 2:26 | Create | Villager (Male) |
| 2:27 | Create | Villager (Male) |
| 2:55 | Create | Villager (Male) |
| 2:56 | Create | Villager (Male) |
| 3:24 | Build | House |
| 3:25 | Build | House |
| 3:28 | Create | Villager (Male) |
| 3:28 | Create | Villager (Male) |
| 3:37 | Build | Lumber Camp |
| 3:40 | Create | Villager (Male) |
| 3:40 | Create | Villager (Male) |
| 4:04 | Create | Villager (Male) |
| 4:04 | Create | Villager (Male) |
| 4:39 | Create | Villager (Male) |
| 4:50 | Create | Villager (Male) |
| 4:50 | Create | Villager (Male) |
| 4:53 | Create | Villager (Male) |
| 4:54 | Create | Villager (Male) |
| 5:21 | Build | Mill |
| 5:28 | Create | Villager (Male) |
| 5:28 | Create | Villager (Male) |
| 5:29 | Create | Villager (Male) |
| 6:03 | Create | Villager (Male) |
| 6:26 | Create | Villager (Male) |
| 6:38 | Build | House |
| 6:39 | Build | House |
| 6:40 | Build | House |
| 6:41 | Build | House |
| 6:56 | Research | Loom |
| 7:00 | Create | Villager (Male) |
| 7:10 | Build | Mill |
| 7:26 | Create | Villager (Male) |
| 7:54 | Create | Villager (Male) |
| 7:55 | Create | Villager (Male) |
| 8:13 | Build | Mill |
| 8:16 | Create | Villager (Male) |
| 8:39 | Build | Barracks |
| 8:44 | Build | Mining Camp |
| 8:50 | Create | Villager (Male) |
| 9:30 | Research | Feudal Age |
| 9:34 | Create | Villager (Male) |
| 9:57 | Create | Villager (Male) |
| 10:22 | Build | Mining Camp |
| 10:47 | Create | Villager (Male) |
| 10:48 | Create | Villager (Male) |
| 11:16 | Create | Villager (Male) |
| 11:16 | Create | Villager (Male) |
| 11:18 | Create | Villager (Male) |
| 11:35 | Create | Villager (Male) |
| 11:40 | Age | Feudal Age |
| 11:45 | Build | Stable |
| 11:54 | Build | Blacksmith |
| 11:58 | Create | Villager (Male) |
| 12:12 | Create | Villager (Male) |
| 12:15 | Research | Double-Bit Axe |
| 12:32 | Build | Farm |
| 12:34 | Build | Farm |
| 12:38 | Create | Villager (Male) |
| 12:38 | Create | Villager (Male) |
| 12:48 | Build | Farm |
| 12:48 | Build | Farm |
| 13:02 | Build | House |
| 13:03 | Build | House |
| 13:11 | Research | Castle Age |
| 13:49 | Create | Villager (Male) |
| 13:57 | Research | Scale Barding Armor |
| 13:58 | Research | Forging |
| 14:05 | Build | Mining Camp |
| 14:13 | Build | House |
| 14:14 | Build | House |
| 14:16 | Research | Stone Mining |
| 14:23 | Research | Horse Collar |
| 14:28 | Research | Gold Mining |
| 15:30 | Build | House |
| 15:51 | Age | Castle Age |
| 15:54 | Build | Town Center |
| 15:57 | Build | Town Center |
| 16:07 | Create | Knight |
| 16:12 | Research | Iron Casting |
| 17:09 | Build | Farm |
| 17:09 | Build | Farm |
| 17:10 | Build | Farm |
| 17:10 | Build | Farm |
| 17:36 | Build | Siege Workshop |
| 18:00 | Create | Knight |
| 18:25 | Build | Castle |
| 18:32 | Create | Scorpion |
| 18:33 | Create | Scorpion |
| 18:36 | Create | Villager (Male) |
| 18:37 | Create | Villager (Male) |
| 19:43 | Build | Mining Camp |
| 19:49 | Create | Villager (Male) |
| 19:49 | Create | Villager (Male) |
Match timeline
| 7:53 | alen3435731 · first_building Barracks |
| 8:39 | Jarem · first_building Barracks |
| 10:31 | Ralph785 · first_building Barracks |
| 11:09 | alen3435731 · wall_segment Palisade Wall x3 |
| 11:22 | MATT_FRY · age_up feudal |
| 11:40 | Jarem · age_up feudal |
| 11:45 | Jarem · first_building Stable |
| 12:35 | alen3435731 · first_building Stable |
| 12:50 | MATT_FRY · first_building Barracks |
| 13:03 | MATT_FRY · wall_segment Palisade Wall x2 |
| 13:07 | MATT_FRY · wall_segment Palisade Wall x17 |
| 13:14 | MATT_FRY · wall_segment Palisade Wall x6 |
| 13:26 | alen3435731 · first_market_buy 100 food |
| 15:10 | MATT_FRY · age_up castle |
| 15:51 | Jarem · age_up castle |
| 16:04 | MATT_FRY · first_building Castle |
| 16:11 | Ralph785 · first_building Castle |
| 16:51 | MATT_FRY · first_building Siege Workshop |
| 17:36 | Jarem · first_building Siege Workshop |
| 17:52 | alen3435731 · first_building Siege Workshop |
| 18:25 | Jarem · first_building Castle |
| 19:56 | alen3435731 · first_building Castle |
| 20:04 | Jarem · resign |
| 21:15 | Ralph785 · first_building Stable |
| 22:03 | Ralph785 · first_market_buy 100 food |
| 24:14 | alen3435731 · first_building Archery Range |
[ AI ANALYSIS · 1 CREDIT ]
What really happened in this match?
Wolo.gg analyzes every decision: build order, eco, micro, common mistakes by bracket. Personalized analysis on WhatsApp or Discord in 30 seconds.
Civ guide
Italians
Map guide
MegaRandom
Perfil
Jugador #2158471